AoeStats
← leofim11

Nomad

508774089Analyzed
2v2 RM · 8d ago on Sep 24, 2026· 56m 59s· 4 players
Game mode
Random Map
Map size
176×176
Population
200
Speed
Normal
Resources
Standard
Victory
Conquest
Starting age
Dark Age
Ending age
Imperial Age
RankedLock teamsTeams togetherTeam positionsShared explorationLock speedFull tech treeHidden civsTurbo modeCheats
Victory
Defeat
🇺🇸 Vikings · United States
818
+16
🇺🇸 Persians · United States
738
+20
🇦🇷 Danes · Argentina
836
-19
🇦🇷 Franks · Argentina
804
-17
JP CARP
8:26 Loom
14:19 Feudal Age
14:45 Double-Bit Axe
14:25 Man-at-Arms
15:44 Fishing Lines
18:50 Fletching
24:30 Castle Age
23:09 Wheelbarrow
24:34 Castle Age
23:53 Gold Mining
23:46 Horse Collar
23:59 Stone Mining
24:20 Padded Archer Armor
26:41 Bow Saw
26:09 Crossbowman
28:07 Bodkin Arrow
33:59 Imperial Age
35:00 Heavy Plow
35:37 Gold Shaft Mining
35:43 Stone Shaft Mining
36:00 Northmen's Fury
36:42 Onager
38:19 Northmen's Fury
39:44 Long Swordsman
40:13 Gambesons
40:29 Squires
41:33 Hand Cart
41:02 Siege Onager
42:31 Forging
42:49 Conscription
46:55 Siege Engineers
48:59 Elite Varangian Guard
50:03 Scale Mail Armor
50:39 Iron Casting
49:38 Pikeman
52:14 Chain Mail Armor
53:02 Blast Furnace
54:22 Hamask
Zanguango
14:22 Loom
16:26 Feudal Age
22:32 Wheelbarrow
27:57 Castle Age
26:18 Forging
26:13 Scale Barding Armor
26:22 Double-Bit Axe
27:58 Fishing Lines
30:50 Crossbowman
31:16 Crossbowman
35:14 Iron Casting
37:48 Husbandry
38:11 Chain Barding Armor
37:42 Fletching
37:53 Padded Archer Armor
41:01 Ballistics
40:52 Gold Mining
40:52 Stone Mining
41:58 Demolition Ship
43:27 Gold Shaft Mining
46:29 Pikeman
47:09 Squires
leofim11
4:27 Loom
17:47 Feudal Age
21:34 Horse Collar
23:01 Town Watch
23:30 Double-Bit Axe
25:44 Stone Mining
25:45 Gold Mining
29:13 Castle Age
28:55 Fishing Lines
30:56 Arson
31:14 Squires
33:21 Town Patrol
35:47 Gold Shaft Mining
39:25 Forging
39:16 Scale Mail Armor
43:35 Imperial Age
41:40 Gillnets
41:51 Light Cavalry
44:17 Scale Barding Armor
44:47 Iron Casting
47:51 Heavy Plow
48:40 Elite Berserk
49:27 Chieftains
49:53 Capped Ram
50:45 Siege Ram
52:50 Blast Furnace
52:06 Chain Mail Armor
52:11 Chain Barding Armor
56:24 Plate Mail Armor
57:09 Fletching
57:20 Padded Archer Armor
Natearthur123
16:45 Loom
25:11 Feudal Age
30:39 Fletching
30:50 Padded Archer Armor
33:47 Castle Age
41:19 Imperial Age
39:05 Bloodlines
38:57 Husbandry
39:14 Forging
39:10 Scale Barding Armor
41:17 Chain Barding Armor
41:33 Iron Casting
44:48 Blast Furnace
44:25 Plate Barding Armor
46:03 Chemistry
46:43 Horse Collar
47:48 Heavy Plow
52:46 Citadels
53:57 Elite War Elephant
57:20 Bodkin Arrow
Connection lost

Rejoining the realm…

Still unreachable

The connection could not be restored.

Session expired

The server has moved on; the page needs a fresh start.